| TOP OF THE 1ST |
|
Iowa Oaks batting - Pitching for Omaha Storm Chasers : LHP Neal Heaton
|
|
Pitching: LHP Neal Heaton
|
|
|
Batting: SHB Rod Craig
|
0-0: Called Strike 0-1: Ball 1-1: Swinging Strike 1-2: Ground out 4-3 (Groundball, 4, EV 86.3 MPH)
|
|
Batting: RHB Edgar Flores
|
0-0: Called Strike 0-1: Ball 1-1: Ball 2-1: SINGLE (Line Drive, 5D, EV 103.1 MPH)
|
|
Batting: LHB Ronald Little
|
0-0: Ball 1-0: SINGLE (Groundball, 15S, EV 73.1 MPH) (infield hit) Edgar Flores to second
|
|
Batting: SHB Mike Turgeon
|
0-0: SINGLE (Line Drive, 56D, EV 95.6 MPH) Edgar Flores to third Ronald Little to second Runner from 3rd tries for Home, SAFE, throw by LF to home
|
|
Batting: RHB Mark Benson
|
0-0: Called Strike 0-1: Ball 1-1: Foul Ball, location: 2F 1-2: Ball 2-2: Foul Ball, location: 2F 2-2: Ball 3-2: SINGLE (Flyball, 9S, EV 91.3 MPH) Ronald Little to third Mike Turgeon to second
|
|
Batting: LHB Gary Jones
|
0-0: Called Strike 0-1: Ball 1-1: Ball 2-1: Foul Ball, location: 2F 2-2: Foul Ball, location: 2F 2-2: Ball 3-2: Base on Balls Ronald Little scores Mike Turgeon to third Mark Benson to second
|
|
Batting: RHB Jordan Arredondo
|
0-0: Foul Ball, location: 2F 0-1: SINGLE (Flyball, 56D, EV 86.3 MPH) Mike Turgeon scores Mark Benson to third Gary Jones to second
|
|
Batting: LHB Wayne Krenchicki
|
0-0: Ball 1-0: Called Strike 1-1: Ball 2-1: Fly out, F8 (Flyball, 8RXD, EV 106.3 MPH) Runner from 3rd tags up, SCORES, no throw by CF
|
|
Batting: RHB Thomas Vessey
|
0-0: Ball 1-0: Foul Ball, location: 2F 1-1: Foul Ball, location: 2F 1-2: Ball 2-2: Ground out 1-3 (Groundball, 34S, EV 66.9 MPH)
|
| Top of the 1st over - 4 runs, 5 hits, 0 errors, 2 left on base; Iowa 4 - Omaha 0 |
| BOTTOM OF THE 1ST |
|
Omaha Storm Chasers batting - Pitching for Iowa Oaks : LHP Jim Deshaies
|
|
Pitching: LHP Jim Deshaies
|
|
|
Batting: RHB Jay Schellin
|
0-0: Ball 1-0: Ball 2-0: Called Strike 2-1: Called Strike 2-2: Foul Ball, location: 2F 2-2: Ball 3-2: Strikes out swinging
|
|
Batting: RHB Mike Allport
|
0-0: Foul Ball, location: 2F 0-1: Ball 1-1: Ball 2-1: Ground out 3-1 (Groundball, 34S, EV 91.9 MPH)
|
|
Batting: RHB Don Money
|
0-0: Ball 1-0: Ground out 5-3 (Groundball, 56, EV 86.9 MPH)
|
| Bottom of the 1st over - 0 runs, 0 hits, 0 errors, 0 left on base; Iowa 4 - Omaha 0 |
| TOP OF THE 2ND |
|
Iowa Oaks batting - Pitching for Omaha Storm Chasers : LHP Neal Heaton
|
|
Batting: SHB Rod Craig
|
0-0: Ground out 3-1 (Groundball, 34, EV 91.3 MPH)
|
|
Batting: RHB Edgar Flores
|
0-0: Called Strike 0-1: Foul Ball, location: 2F 0-2: Foul Ball, location: 2F 0-2: Ball 1-2: Ball 2-2: Ball 3-2: Foul Ball, location: 2F 3-2: Fly out, F9 (Flyball, 9LM, EV 96.9 MPH)
|
|
Batting: LHB Ronald Little
|
0-0: Called Strike 0-1: Ball 1-1: Ball 2-1: SINGLE (Line Drive, 56D, EV 97.5 MPH)
|
|
Batting: SHB Mike Turgeon
|
0-0: Ball 1-0: 2-RUN HOME RUN (Flyball, 78XD, EV 100.6 MPH), Distance : 419 ft
|
|
Batting: RHB Mark Benson
|
0-0: Called Strike 0-1: Foul Ball, location: 2F 0-2: Fly out, F6 (Popup, 15S, EV 83.8 MPH)
|
| Top of the 2nd over - 2 runs, 2 hits, 0 errors, 0 left on base; Iowa 6 - Omaha 0 |
| BOTTOM OF THE 2ND |
|
Omaha Storm Chasers batting - Pitching for Iowa Oaks : LHP Jim Deshaies
|
|
Batting: LHB Mike LaValliere
|
0-0: Ground out 6-3 (Groundball, 6S, EV 76.3 MPH)
|
|
Pitching: RHP Gregory Kastner
|
|
|
Batting: RHB Eddie Gates
|
0-0: Ball 1-0: Foul Ball, location: 2F 1-1: Ground out 6-3 (Groundball, 6, EV 93.8 MPH)
|
|
Batting: LHB Donald Elliott
|
0-0: Ball 1-0: Foul Ball, location: 2F 1-1: Ground out U3 (Groundball, 3, EV 108.8 MPH)
|
| Bottom of the 2nd over - 0 runs, 0 hits, 0 errors, 0 left on base; Iowa 6 - Omaha 0 |
| TOP OF THE 3RD |
|
Iowa Oaks batting - Pitching for Omaha Storm Chasers : LHP Neal Heaton
|
|
Batting: LHB Gary Jones
|
0-0: Foul Ball, location: 2F 0-1: Ball 1-1: Swinging Strike 1-2: Ground out 4-3 (Groundball, 4, EV 83.1 MPH)
|
|
Batting: RHB Jordan Arredondo
|
0-0: Called Strike 0-1: Foul Ball, location: 2F 0-2: Ball 1-2: Ball 2-2: Ball 3-2: Strikes out swinging
|
|
Batting: LHB Wayne Krenchicki
|
0-0: Foul Ball, location: 2F 0-1: Ball 1-1: SINGLE (Line Drive, 89S, EV 92.5 MPH)
|
|
Pitching: RHP Mark Platel
|
|
|
Batting: RHB Thomas Vessey
|
0-0: Called Strike Wayne Krenchicki is caught stealing 2nd base 2-4
|
| Top of the 3rd over - 0 runs, 1 hit, 0 errors, 0 left on base; Iowa 6 - Omaha 0 |
| BOTTOM OF THE 3RD |
|
Omaha Storm Chasers batting - Pitching for Iowa Oaks : RHP Gregory Kastner
|
|
Batting: SHB Larry Bowa
|
0-0: Called Strike 0-1: Ground out 1-3 (Groundball, 34S, EV 71.9 MPH)
|
|
Batting: RHB Odie Davis
|
0-0: Called Strike 0-1: Swinging Strike 0-2: Ball 1-2: Ball 2-2: DOUBLE (Flyball, 89XD, EV 103.8 MPH)
|
|
Batting: SHB Rafael Landestoy
|
0-0: Ground out U3 (Groundball, 3, EV 83.8 MPH) Odie Davis to third
|
|
Batting: RHB Jay Schellin
|
0-0: Called Strike 0-1: Ball 1-1: SINGLE (Groundball, 6MD, EV 95.6 MPH) Odie Davis scores
|
|
Batting: RHB Mike Allport
|
0-0: Ball 1-0: Called Strike 1-1: Ball 2-1: Called Strike 2-2: Ball Jay Schellin steals 2nd base 3-2: Foul Ball, location: 2F 3-2: Reached on error, E1 (Groundball, 15S, EV 62.5 MPH) Jay Schellin to third
|
|
Batting: RHB Don Money
|
0-0: Called Strike 0-1: 3-RUN HOME RUN (Flyball, 7LD, EV 90.6 MPH), Distance : 363 ft
|
|
Batting: LHB Mike LaValliere
|
0-0: Called Strike 0-1: Ball 1-1: Foul Ball, location: 2F 1-2: SINGLE (Groundball, 6D, EV 101.3 MPH)
|
|
Batting: RHB Eddie Gates
|
0-0: Ball 1-0: Called Strike 1-1: Called Strike 1-2: Ground out 6-3 (Groundball, 6, EV 89.4 MPH)
|
| Bottom of the 3rd over - 4 runs, 4 hits, 1 error, 1 left on base; Iowa 6 - Omaha 4 |
| TOP OF THE 4TH |
|
Iowa Oaks batting - Pitching for Omaha Storm Chasers : RHP Mark Platel
|
|
Batting: RHB Thomas Vessey
|
0-0: SINGLE (Groundball, 56D, EV 102.5 MPH)
|
|
Batting: SHB Rod Craig
|
0-0: Called Strike 0-1: Called Strike 0-2: Strikes out swinging
|
|
Batting: RHB Edgar Flores
|
0-0: Ball 1-0: Swinging Strike 1-1: Ball 2-1: Ball 3-1: Called Strike 3-2: Foul Ball, location: 2F 3-2: Base on Balls Thomas Vessey to second
|
|
Batting: LHB Ronald Little
|
0-0: Called Strike 0-1: Ball 1-1: Called Strike 1-2: Ball 2-2: Ball 3-2: Base on Balls Thomas Vessey to third Edgar Flores to second
|
|
Batting: SHB Mike Turgeon
|
0-0: Ball 1-0: Foul Ball, location: 2F 1-1: Foul Ball, location: 2F 1-2: Ball 2-2: Fly out, F7 (Flyball, 78S, EV 81.3 MPH)
|
|
Batting: RHB Mark Benson
|
0-0: Called Strike 0-1: Called Strike 0-2: Foul Ball, location: 2F 0-2: Ball 1-2: Ball 2-2: Ball 3-2: Foul Ball, location: 2F 3-2: Strikes out swinging
|
| Top of the 4th over - 0 runs, 1 hit, 0 errors, 3 left on base; Iowa 6 - Omaha 4 |
| BOTTOM OF THE 4TH |
|
Omaha Storm Chasers batting - Pitching for Iowa Oaks : RHP Gregory Kastner
|
|
Batting: LHB Donald Elliott
|
0-0: Ball 1-0: Ball 2-0: Ground out U3 (Groundball, 3, EV 105.0 MPH)
|
|
Batting: SHB Larry Bowa
|
0-0: Ball 1-0: Called Strike 1-1: Ball 2-1: DOUBLE (Line Drive, 89D, EV 102.5 MPH)
|
|
Batting: RHB Odie Davis
|
0-0: Ball 1-0: Foul Ball, location: 2F 1-1: Foul Ball, location: 2F 1-2: Ball 2-2: Foul Ball, location: 2F 2-2: Fly out, F4 (Line Drive, 4, EV 72.5 MPH)
|
|
Batting: SHB Rafael Landestoy
|
0-0: SINGLE (Groundball, 34D, EV 99.4 MPH) Larry Bowa to third Runner from 3rd tries for Home, SAFE, throw by RF to home
|
|
Pitching: RHP Sergio Peralta
|
|
|
Batting: RHB Jay Schellin
|
0-0: Ball 1-0: Called Strike 1-1: Swinging Strike 1-2: Strikes out looking
|
| Bottom of the 4th over - 1 run, 2 hits, 0 errors, 1 left on base; Iowa 6 - Omaha 5 |
| TOP OF THE 5TH |
|
Iowa Oaks batting - Pitching for Omaha Storm Chasers : RHP Mark Platel
|
|
Batting: LHB Gary Jones
|
0-0: Called Strike 0-1: Ball 1-1: Foul Ball, location: 2F 1-2: Foul Ball, location: 2F 1-2: Strikes out swinging
|
|
Batting: RHB Jordan Arredondo
|
0-0: Foul Ball, location: 2F 0-1: SINGLE (Line Drive, 56D, EV 96.9 MPH)
|
|
Batting: LHB Wayne Krenchicki
|
0-0: Called Strike 0-1: Ball 1-1: Ball Wild Pitch! Jordan Arredondo to second 2-1: Intentional Walk
|
|
Batting: RHB Thomas Vessey
|
0-0: Swinging Strike 0-1: Foul Ball, location: 2F 0-2: Strikes out swinging
|
|
Batting: SHB Rod Craig
|
0-0: Ball 1-0: Swinging Strike 1-1: Ball Passed Ball! Jordan Arredondo to third Wayne Krenchicki to second 2-1: Called Strike 2-2: Foul Ball, location: 2F 2-2: DOUBLE (Flyball, 8LXD, EV 96.9 MPH) Jordan Arredondo scores Wayne Krenchicki scores
|
|
Batting: RHB Edgar Flores
|
0-0: Ball 1-0: Ground out 5-3 (Groundball, 56S, EV 83.1 MPH)
|
| Top of the 5th over - 2 runs, 2 hits, 0 errors, 1 left on base; Iowa 8 - Omaha 5 |
| BOTTOM OF THE 5TH |
|
Omaha Storm Chasers batting - Pitching for Iowa Oaks : RHP Sergio Peralta
|
|
Batting: RHB Mike Allport
|
0-0: Ball 1-0: Called Strike 1-1: Ball 2-1: Foul Ball, location: 2F 2-2: SINGLE (Groundball, 34D, EV 106.9 MPH)
|
|
Batting: RHB Don Money
|
0-0: Foul Ball, location: 2F 0-1: Ball 1-1: Fly out, F7 (Flyball, 7S, EV 84.4 MPH)
|
|
Batting: LHB Mike LaValliere
|
0-0: Foul Ball, location: 2F 0-1: Fly out, F6 (Popup, 6MD, EV 65.6 MPH)
|
|
Batting: RHB Eddie Gates
|
0-0: Ball 1-0: DOUBLE (Line Drive, 3D, EV 96.9 MPH) Mike Allport to third Runner from 3rd tries for Home, SAFE, throw by RF to home
|
|
Batting: LHB Donald Elliott
|
0-0: Ball 1-0: Called Strike 1-1: Ball 2-1: Swinging Strike 2-2: Strikes out swinging
|
| Bottom of the 5th over - 1 run, 2 hits, 0 errors, 1 left on base; Iowa 8 - Omaha 6 |
| TOP OF THE 6TH |
|
Iowa Oaks batting - Pitching for Omaha Storm Chasers : RHP Mark Platel
|
|
Batting: LHB Ronald Little
|
0-0: Ball 1-0: Called Strike 1-1: Fly out, F5 (Flyball, 5D, EV 76.9 MPH)
|
|
Batting: SHB Mike Turgeon
|
0-0: Fly out, F8 (Line Drive, 8LD, EV 91.9 MPH)
|
|
Batting: RHB Mark Benson
|
0-0: Ball 1-0: Foul Ball, location: 2F 1-1: Called Strike 1-2: Foul Ball, location: 2F 1-2: Ball 2-2: Ball 3-2: Ground out 6-3 (Groundball, 6, EV 101.9 MPH)
|
| Top of the 6th over - 0 runs, 0 hits, 0 errors, 0 left on base; Iowa 8 - Omaha 6 |
| BOTTOM OF THE 6TH |
|
Omaha Storm Chasers batting - Pitching for Iowa Oaks : RHP Sergio Peralta
|
|
Batting: SHB Larry Bowa
|
0-0: Ground out 3-1 (Groundball, 34S, EV 84.4 MPH)
|
|
Batting: RHB Odie Davis
|
0-0: Ball 1-0: Foul Ball, location: 2F 1-1: Foul Ball, location: 2F 1-2: Foul Ball, location: 2F 1-2: Strikes out swinging
|
|
Batting: SHB Rafael Landestoy
|
0-0: Ball 1-0: Ground out U3 (Groundball, 3, EV 95.0 MPH)
|
| Bottom of the 6th over - 0 runs, 0 hits, 0 errors, 0 left on base; Iowa 8 - Omaha 6 |
| TOP OF THE 7TH |
|
Iowa Oaks batting - Pitching for Omaha Storm Chasers : RHP Mark Platel
|
|
Batting: LHB Gary Jones
|
0-0: Ball 1-0: Ground out 4-3 (Groundball, 4MD, EV 80.0 MPH)
|
|
Batting: RHB Jordan Arredondo
|
0-0: Ball 1-0: Called Strike 1-1: Foul Ball, location: 2F 1-2: Ball 2-2: Foul Ball, location: 2F 2-2: Foul Ball, location: 2F 2-2: Fly out, F9 (Flyball, 9, EV 78.1 MPH)
|
|
Batting: LHB Wayne Krenchicki
|
0-0: Foul Ball, location: 2F 0-1: Ground out 4-3 (Groundball, 4MD, EV 100.6 MPH)
|
| Top of the 7th over - 0 runs, 0 hits, 0 errors, 0 left on base; Iowa 8 - Omaha 6 |
| BOTTOM OF THE 7TH |
|
Omaha Storm Chasers batting - Pitching for Iowa Oaks : RHP Sergio Peralta
|
|
Batting: RHB Jay Schellin
|
0-0: Ball 1-0: Ball 2-0: Foul Ball, location: 2F 2-1: Called Strike 2-2: Ball 3-2: Strikes out looking
|
|
Batting: RHB Mike Allport
|
0-0: Ball 1-0: Called Strike 1-1: Called Strike 1-2: Ball 2-2: Ball 3-2: Foul Ball, location: 2F 3-2: Foul Ball, location: 2F 3-2: Ground out 6-3 (Groundball, 6, EV 85.0 MPH)
|
|
Batting: RHB Don Money
|
0-0: Ball 1-0: Ground out 5-3 (Groundball, 56, EV 86.9 MPH)
|
| Bottom of the 7th over - 0 runs, 0 hits, 0 errors, 0 left on base; Iowa 8 - Omaha 6 |
| TOP OF THE 8TH |
|
Iowa Oaks batting - Pitching for Omaha Storm Chasers : RHP Mark Platel
|
|
Pitching: LHP Ross Baumgarten
|
|
|
Batting: RHB Thomas Vessey
|
0-0: Called Strike 0-1: Ball 1-1: Swinging Strike 1-2: Ball 2-2: Strikes out looking
|
|
Batting: SHB Rod Craig
|
0-0: Ball 1-0: Ball 2-0: Ball 3-0: Base on Balls
|
|
Batting: RHB Edgar Flores
|
0-0: Ball 1-0: Grounds out, U3 (Groundball, 3L, EV 108.1 MPH)
|
|
Batting: LHB Ronald Little
|
0-0: Called Strike 0-1: Ball 1-1: Ball 2-1: Ball 3-1: SINGLE (Line Drive, 89S, EV 105.6 MPH) Rod Craig to third Runner from 3rd tries for Home, SAFE, throw by RF to home
|
|
Batting: SHB Mike Turgeon
|
0-0: Ball 1-0: Ball 2-0: Ball 3-0: Called Strike 3-1: Reached on error, E4 (Groundball, 4, EV 88.1 MPH) Ronald Little to second
|
|
Batting: RHB Mark Benson
|
0-0: Ball 1-0: Ball 2-0: Called Strike 2-1: Swinging Strike 2-2: Ball 3-2: Ground out 4-3 (Groundball, 4, EV 100.0 MPH)
|
| Top of the 8th over - 1 run, 1 hit, 1 error, 2 left on base; Iowa 9 - Omaha 6 |
| BOTTOM OF THE 8TH |
|
Omaha Storm Chasers batting - Pitching for Iowa Oaks : RHP Sergio Peralta
|
|
Batting: LHB Mike LaValliere
|
0-0: Called Strike 0-1: DOUBLE (Line Drive, 7LM, EV 95.0 MPH)
|
|
Pitching: RHP Cristian Martinez
|
|
|
Batting: RHB Eddie Gates
|
0-0: Foul Ball, location: 2F 0-1: Swinging Strike 0-2: SINGLE (Line Drive, 56, EV 97.5 MPH) Mike LaValliere to third
|
|
Batting: LHB Donald Elliott
|
0-0: Called Strike 0-1: Ball 1-1: Called Strike 1-2: Foul Ball, location: 2F 1-2: Foul Ball, location: 2F 1-2: Foul Ball, location: 2F 1-2: Strikes out looking
|
|
Batting: SHB Larry Bowa
|
0-0: Foul Ball, location: 2F 0-1: Ball 1-1: Ball 2-1: Foul Ball, location: 2F 2-2: SINGLE (Groundball, 3D, EV 95.0 MPH) Mike LaValliere scores Eddie Gates to second Runner from 2nd tries for 3rd, SAFE, no throw by RF
|
|
Pitching: RHP Neil Allen
|
|
|
Batting: RHB Odie Davis
|
0-0: Called Strike 0-1: Foul Ball, location: 2F 0-2: Foul Ball, location: 2F 0-2: Strikes out looking
|
|
Batting: SHB Rafael Landestoy
|
0-0: Called Strike 0-1: Ball 1-1: SINGLE (Groundball, 34D, EV 100.6 MPH) Eddie Gates scores Larry Bowa to second Runner from 2nd tries for 3rd, SAFE, no throw by RF
|
|
Batting: RHB Jay Schellin
|
Pickoff Throw to First - Error! E1 Larry Bowa scores Rafael Landestoy to second 0-0: Ball 1-0: Ball 2-0: Ball 3-0: Called Strike 3-1: Reached on error, E6 (Groundball, 6, EV 110.6 MPH) Rafael Landestoy scores
|
|
Batting: RHB Mike Allport
|
0-0: Ball 1-0: Swinging Strike 1-1: Fly out, F7 (Flyball, 78M, EV 96.3 MPH)
|
| Bottom of the 8th over - 4 runs, 4 hits, 2 errors, 1 left on base; Iowa 9 - Omaha 10 |
| TOP OF THE 9TH |
|
Iowa Oaks batting - Pitching for Omaha Storm Chasers : LHP Ross Baumgarten
|
|
Pinch Hitting: RHB Mike Richardt
|
0-0: Ball 1-0: Ball 2-0: Called Strike 2-1: Ball 3-1: Fly out, F4 (Popup, 4D, EV 56.3 MPH)
|
|
Batting: RHB Jordan Arredondo
|
0-0: Foul Ball, location: 2F 0-1: Ground out 4-3 (Groundball, 4, EV 104.4 MPH)
|
|
Batting: LHB Wayne Krenchicki
|
0-0: Ground out 4-3 (Groundball, 4, EV 101.3 MPH)
|
| Top of the 9th over - 0 runs, 0 hits, 0 errors, 0 left on base; Iowa 9 - Omaha 10 |
|